[Event "Team 45 45 League 2006 Invitational"]
[Site "Internet Chess Club"]
[Date "2006.11.29"]
[Round "5"]
[White "wekabird"]
[Black "WzeroMN"]
[Result "1-0"]
[WhiteElo "1283"]
[BlackElo "1197"]
[TimeControl "2700+45"]

1. d4 d5 2. e3 Nc6 3. c3 Nf6 4. Bd3 e5 5. dxe5 Nxe5 6. Bc2 Bc5 7. Nd2 O-O 8. h3 Be6 9. Ngf3 Nxf3+ 10. Nxf3 Ne4 11. O-O Qf6 12. Qe2 Qg6 13. Nh4 Qf6 14. Nf3 Qg6 15. Kh1 Qf6 16. Bxe4 dxe4 17. Nd4 Bd5 18. Rb1 Bxa2 19. Ra1 Bd5 20. b4 Bb6 21. Bb2 a5 22. c4 Bc6 23. b5 Bd7 24. Nb3 Qe7 25. Ba3 Qe5 26. Bxf8 Rxf8 27. Nxa5 c5 28. Nb3 Bc7 29. g3 h5 30. Kh2 h4 31. f4 Qe7 32. g4 g5 33. Rae1 gxf4 34. exf4 Qg5 35. Qxe4 Re8 36. Qf3 Rxe1 37. Rxe1 Bxf4+ 38. Kg2 f5 39. Qd5+ {Black resigns} 1-0

[Event "Team 45 45 League 2006 Invitational"]
[Site "Internet Chess Club"]
[Date "2006.11.30"]
[Round "5"]
[White "Conjurer"]
[Black "BosqueVerde"]
[Result "1-0"]
[WhiteElo "1361"]
[BlackElo "1215"]
[TimeControl "2700+45"]

1. e4 e6 2. d4 d5 3. e5 c5 4. c4 Nc6 5. Nf3 cxd4 6. Nxd4 Nxe5 7. cxd5 Bb4+ 8. Nc3 Bxc3+ 9. bxc3 Qxd5 10. Ba3 Qa5 11. Qb3 Bd7 12. Bd6 Rc8 13. Rc1 Nf6 14. Be2 Ne4 15. Bb4 Qb6 16. Qa3 Bb5 17. Bxb5+ Kd8 18. O-O Nd2 19. Rfd1 Ndc4 20. Nxe6# {Black checkmated} 1-0

[Event "Team 45 45 League 2006 Invitational"]
[Site "Internet Chess Club"]
[Date "2006.11.30"]
[Round "5"]
[White "SargentBono"]
[Black "chiiwen"]
[Result "1-0"]
[WhiteElo "1704"]
[BlackElo "1720"]
[TimeControl "2700+45"]

1. e4 c5 2. Nf3 g6 3. d4 cxd4 4. Nxd4 Nc6 5. c4 Bg7 6. Be3 Nf6 7. Nc3 Ng4 8. Qxg4 Nxd4 9. Qd1 Ne6 10. Rc1 b6 11. Bd3 Bb7 12. f3 O-O 13. O-O d6 14. Qd2 Nc5 15. Bf2 Nxd3 16. Qxd3 Rc8 17. Bd4 Ba6 18. Nd5 e5 19. Be3 f5 20. Rfd1 f4 21. Bf2 Bb7 22. Nc3 g5 23. Nb5 Ba6 24. Nxd6 Rc6 25. Qd5+ {Black resigns} 1-0

[Event "Team 45 45 League 2006 Invitational"]
[Site "Internet Chess Club"]
[Date "2006.11.30"]
[Round "5"]
[White "guyd52"]
[Black "curtintime"]
[Result "0-1"]
[WhiteElo "1286"]
[BlackElo "1355"]
[TimeControl "2700+45"]

1. Nf3 d5 2. g3 Nc6 3. Bg2 e5 4. d3 Nf6 5. O-O Be6 6. Nbd2 h6 7. Re1 Qd7 8. e4 d4 9. b3 Bc5 10. Bb2 Nh5 11. Nxe5 Nxe5 12. Qxh5 Qd6 13. Qe2 O-O-O 14. f4 Ng4 15. e5 Qd7 16. Qe4 c6 17. Nf1 f6 18. h3 Ne3 19. Nxe3 dxe3 20. Qa4 Bxh3 21. exf6 g6 22. Qe4 Rde8 23. Qxg6 e2+ 24. Kh2 Bxg2 25. f7 Qh3# {White checkmated} 0-1

[Event "Team 45 45 League 2006 Invitational"]
[Site "Internet Chess Club"]
[Date "2006.12.01"]
[Round "5"]
[White "t-hobbes"]
[Black "furrbrain"]
[Result "0-1"]
[WhiteElo "1241"]
[BlackElo "1167"]
[TimeControl "2700+45"]

1. e4 e6 2. d4 d5 3. Nc3 Nf6 4. Bd3 c5 5. Bb5+ Nc6 6. e5 Nd7 7. Nf3 Qb6 8. Be3 a6 9. Be2 Qxb2 10. Bd2 cxd4 11. Na4 Qa3 12. c3 b5 13. Bc1 Qxa4 14. Qd3 Ncxe5 15. Qd2 h6 16. Nxd4 g6 17. O-O Bg7 18. Nb3 O-O 19. Qe3 Nc4 20. Qh3 Nf6 21. Nd4 e5 22. Nc6 Bxh3 23. Bd1 Nd2 24. Bxa4 Nxf1 25. Ne7+ Kh7 26. gxh3 bxa4 27. Kxf1 e4 28. Ba3 Ng8 29. Nxd5 Rfe8 30. Nc7 Bxc3 31. Rc1 Be5 32. Nxa8 Rxa8 33. Rc5 Bxh2 34. Rd5 Nf6 35. Rd2 Bf4 36. Rb2 Re8 37. Rb7 Kg7 38. Bb2 e3 39. fxe3 Rxe3 40. Kf2 Rxh3 41. Rb6 Be3+ 42. Kg2 Bxb6 43. Kxh3 g5 44. Kg3 Kg6 45. Kf3 Bc5 46. Be5 Nd7 47. Bg3 f5 48. Bc7 h5 49. Bh2 h4 50. Bc7 g4+ 51. Kf4 h3 52. Kg3 Kg5 53. Bf4+ Kh5 54. Bc7 Nf6 55. Bd8 Ne4+ 56. Kf4 h2 57. Kxf5 h1=Q 58. Ke5 Nc3 59. Kf6 Qh4+ 60. Kf7 Qxd8 61. Kg7 Qe7+ 62. Kh8 Kh6 63. a3 Qh7# {White checkmated} 0-1

[Event "Team 45 45 League 2006 Invitational"]
[Site "Internet Chess Club"]
[Date "2006.12.01"]
[Round "5"]
[White "Grenadier"]
[Black "Invicta-Knight"]
[Result "1-0"]
[WhiteElo "1607"]
[BlackElo "1529"]
[TimeControl "2700+45"]

1. e4 d5 2. exd5 Qxd5 3. Nc3 Qd6 4. Nf3 Nf6 5. Bc4 a6 6. O-O b5 7. Bb3 b4 8. Ne2 Bb7 9. Ng3 e6 10. d4 Be7 11. Bg5 Nbd7 12. Qe2 O-O 13. Rfd1 a5 14. Ne5 Nd5 15. Ne4 Qa6 16. Bc4 Qa7 17. Nxd7 Rfd8 18. Bxe7 Rxd7 19. Bh4 Nf4 20. Qe3 Nd5 21. Qg3 f5 22. Nc5 Rf7 23. Nxe6 Re8 24. Nf4 Nxf4 {Black resigns} 1-0

[Event "Team 45 45 League 2006 Invitational"]
[Site "Internet Chess Club"]
[Date "2006.12.01"]
[Round "5"]
[White "Aquaman"]
[Black "GrandPoobah069"]
[Result "1/2-1/2"]
[WhiteElo "1514"]
[BlackElo "1659"]
[TimeControl "2700+45"]

1. c4 e5 2. g3 g6 3. Bg2 Bg7 4. Nc3 Nc6 5. e4 d6 6. Nf3 Nge7 7. O-O O-O 8. d3 a6 9. a4 a5 10. Be3 Bg4 11. h3 Bxf3 12. Qxf3 Nb4 13. Qd1 c6 14. Na2 f5 15. exf5 Nxf5 16. Nxb4 axb4 17. Bd2 Qb6 18. Qb3 Nd4 19. Qxb4 Qxb4 20. Bxb4 Nc2 21. Bxd6 Rfd8 22. Rac1 Nd4 23. c5 Ne2+ 24. Kh1 Nxc1 25. Rxc1 Rxa4 26. Rb1 Rda8 27. Be4 Ra1 28. Rxa1 Rxa1+ 29. Kg2 Ra2 30. Kf3 Rxb2 31. h4 Kf7 32. g4 Bf8 33. Bxe5 Rb5 34. d4 Bg7 35. Bxg7 Kxg7 36. g5 Rb4 37. Ke3 Rb3+ 38. Kf4 Rh3 39. Kg4 Rb3 40. Kf4 Rh3 41. Kg4 Ra3 42. Kf4 Ra8 43. f3 Rd8 44. Ke5 Kf7 45. d5 Ke7 46. dxc6 bxc6 47. Bxc6 Rc8 48. Kd5 Rd8+ 49. Kc4 Rd1 50. Be4 Kd7 51. c6+ Kc7 52. Kc5 Rh1 53. Kd5 Rxh4 54. Ke6 Rf4 55. Ke5 Rf8 56. Ke6 Rf4 57. Ke5 Rf8 58. Ke6 Rf4 {Game drawn by repetition} 1/2-1/2

[Event "Team 45 45 League 2006 Invitational"]
[Site "Internet Chess Club"]
[Date "2006.12.02"]
[Round "5"]
[White "Fogbound"]
[Black "carolinaknight"]
[Result "1-0"]
[WhiteElo "1375"]
[BlackElo "1226"]
[TimeControl "2700+45"]

1. d4 e6 2. Nf3 Nf6 3. Bg5 Be7 4. e3 d5 5. Bd3 b6 6. Nbd2 Ba6 7. c4 O-O 8. O-O dxc4 9. Nxc4 Qd5 10. Rc1 Nc6 11. Re1 Rfe8 12. e4 Qd7 13. Nce5 Qc8 14. Nxc6 Bxd3 15. Qxd3 Qd7 16. h3 h6 17. Bd2 a5 18. Nfe5 Qd6 19. Nxe7+ Qxe7 20. Nc6 Qd7 21. Qf3 e5 22. Bxh6 Re6 23. d5 Nxd5 24. Bxg7 Rg6 25. exd5 {Black resigns} 1-0

[Event "Team 45 45 League 2006 Invitational"]
[Site "Internet Chess Club"]
[Date "2006.12.02"]
[Round "5"]
[White "Riddari"]
[Black "jeffk"]
[Result "1-0"]
[WhiteElo "1211"]
[BlackElo "1098"]
[TimeControl "2700+45"]

1. e4 e6 2. d4 d5 3. Nc3 c5 4. e5 cxd4 5. Qxd4 Nc6 6. Qd1 Qb6 7. Nf3 Bc5 8. Qd2 Nge7 9. Na4 Qb4 10. Nxc5 Qxd2+ 11. Bxd2 b6 12. Nb3 O-O 13. Bd3 Bd7 14. Ng5 g6 15. Nf3 a5 16. a3 a4 17. Nbd4 Na5 18. O-O Nc4 19. Bxc4 dxc4 20. b3 cxb3 21. cxb3 Rac8 22. b4 Nd5 23. Rac1 Rb8 24. Ne1 f6 25. exf6 Nxf6 26. Nef3 Ne4 27. Bh6 Rf6 28. Rfe1 Nd6 29. Ne5 Be8 30. Rc7 Nf7 31. Nxf7 Bxf7 32. Rec1 Be8 33. Rg7+ Kh8 34. Rgc7 Kg8 35. Rc8 Rxc8 36. Rxc8 Kf7 37. Rc7+ Kg8 38. Re7 {Black resigns} 1-0

[Event "Team 45 45 League 2006 Invitational"]
[Site "Internet Chess Club"]
[Date "2006.12.02"]
[Round "5"]
[White "Just-Jim"]
[Black "Rubacchus"]
[Result "0-1"]
[WhiteElo "1398"]
[BlackElo "1400"]
[TimeControl "2700+45"]

1. c4 c5 2. e4 Nc6 3. Nf3 g6 4. d3 Bg7 5. Be2 e6 6. a3 Nge7 7. O-O O-O 8. 
Ra2 d5 9. cxd5 exd5 10. exd5 Qxd5 11. b3 Na5 12. Nbd2 Be6 13. Nc4 Nec6 14. 
Bd2 b6 15. Ng5 Nd4 16. Nxe6 Nxe2+ 17. Qxe2 fxe6 18. Bxa5 bxa5 19. b4 cxb4 
20. axb4 axb4 21. Ra5 Qd4 22. Qxe6+ Rf7 23. Rd5 Qf6 24. Qxf6 Rxf6 25. g3 a5 
26. Nxa5 Rf5 27. Rxf5 gxf5 28. Nb3 Ra3 29. Rb1 Bc3 30. d4 Kf7 31. f4 Ke6 32. 
Nc5+ Kd5 33. Nd3 b3 34. Kg2 Kc4 35. Nc5 Ra2+ 36. Kh3 b2 37. d5 Ra1 38. d6 
Kxc5 39. d7 Ra8 40. Kh4 Rd8 41. Rd1 Kc6 42. Rb1 Rxd7 43. Kg5 Rd5 44. h4 Ra5 
45. Rd1 Ra1 46. Rd3 Rc1 47. h5 b1=Q 48. Re3 Kd5 49. Re7 Rg1 50. Kh4 Bf6+ 
{White resigns} 0-1

[Event "Team 45 45 League 2006 Invitational"]
[Site "Internet Chess Club"]
[Date "2006.12.02"]
[Round "5"]
[White "charles-allen"]
[Black "Archaeologist"]
[Result "0-1"]
[WhiteElo "1669"]
[BlackElo "1609"]
[TimeControl "2700+45"]

1. e4 c5 2. d4 cxd4 3. c3 dxc3 4. Nxc3 Nc6 5. Nf3 Nf6 6. e5 Ng4 7. Bf4 Qb6 8. Qd2 d6 9. Nd5 Qd8 10. exd6 exd6 11. Rc1 Be7 12. Bc4 O-O 13. O-O Nge5 14. Nxe7+ Qxe7 15. Nxe5 dxe5 16. Rfe1 Be6 17. Bxe5 Rfd8 18. Qf4 Bxc4 19. Rxc4 Qxe5 20. Qc1 Qd5 21. b3 Nd4 22. Qe3 Qxc4 23. bxc4 Nc2 24. Qe4 Nxe1 25. Qxe1 Rd4 26. h3 Rxc4 27. Qe7 b6 28. Kh2 Rcc8 29. Qb7 Rcb8 30. Qe7 a5 31. Qe4 b5 32. h4 b4 33. h5 h6 34. g4 a4 35. g5 hxg5 36. Qe5 b3 37. axb3 a3 38. Qxg5 a2 39. h6 g6 {White resigns} 0-1

[Event "Team 45 45 League 2006 Invitational"]
[Site "Internet Chess Club"]
[Date "2006.12.02"]
[Round "5"]
[White "Kingofknights"]
[Black "BrerRabbit"]
[Result "1-0"]
[WhiteElo "1675"]
[BlackElo "1522"]
[TimeControl "2700+45"]

1. d4 Nf6 2. c4 e6 3. Nc3 Bb4 4. f3 d5 5. cxd5 Nxd5 6. Qc2 Nc6 7. e3 O-O 8. a3 Be7 9. Bd3 b6 10. Bxh7+ Kh8 11. Be4 Bb7 12. Nxd5 exd5 13. Bd3 Bf6 14. Ne2 Re8 15. O-O Ne7 16. b4 a6 17. Bb2 Nc8 18. e4 g6 19. e5 Bg7 20. f4 Ne7 21. Ng3 Bc8 22. Rac1 Ra7 23. Rf3 Bd7 24. Qd2 Nf5 25. Bxf5 Bxf5 26. Nxf5 gxf5 27. Qd3 Qd7 28. Rh3+ Kg8 29. Rh5 Qe6 30. Qxf5 c6 31. Qh7+ Kf8 32. Rg5 Qh6 33. Qxh6 Bxh6 34. Rf5 Re6 35. Rc3 Rg6 36. h3 Ke7 37. Rf6 Rxf6 38. exf6+ Kd6 39. Bc1 a5 40. g4 axb4 41. axb4 b5 42. g5 Bf8 43. Kg2 Rc7 44. f5 Kd7 45. Bf4 Rc8 46. Rb3 Re8 47. Be5 Ra8 48. g6 fxg6 49. fxg6 {Black resigns} 1-0

[Event "Team 45 45 League 2006 Invitational"]
[Site "Internet Chess Club"]
[Date "2006.12.02"]
[Round "5"]
[White "Guinness"]
[Black "izit"]
[Result "1-0"]
[WhiteElo "2367"]
[BlackElo "2222"]
[TimeControl "2700+45"]

1. d4 Nf6 2. Nc3 d5 3. Bg5 g6 4. Bxf6 exf6 5. e3 f5 6. Nf3 Bg7 7. Ne2 Nd7 8. Nf4 Nf6 9. c4 O-O 10. Qc2 c5 11. h4 Qa5+ 12. Qc3 Qb6 13. Rd1 Ne4 14. Nxd5 Nxc3 15. Nxb6 Nxd1 16. Nxa8 Nxb2 17. Nc7 f4 18. Kd2 Bf5 19. Nd5 fxe3+ 20. fxe3 Be4 21. Ne7+ Kh8 22. h5 Re8 23. h6 Rxe7 24. hxg7+ Kxg7 25. Ng5 h5 26. Nxe4 Rxe4 27. Bd3 Rg4 28. Bf1 f5 29. Rh2 Na4 30. Be2 Re4 31. Bf3 Re7 32. g3 Nc3 33. Kd3 Ne4 34. Bxe4 fxe4+ 35. Kc3 b6 36. a4 Rf7 37. Rh4 Re7 38. a5 Kh6 39. axb6 axb6 40. d5 g5 41. Rh2 Kg6 42. Rb2 Rb7 43. Rh2 Rf7 44. Rb2 Rf6 45. Rd2 Rd6 46. Rh2 Kf5 47. Rxh5 Kg4 48. Rh8 Kxg3 49. Re8 Kf3 50. Kd2 Rf6 51. Rh8 g4 52. Rh1 Kf2 53. Rh2+ Kf3 54. Rh1 Kg2 55. Rh4 Kg3 56. Rh5 Kg2 57. Rh4 Rg6 58. Ke2 Kg3 59. Rh5 Rf6 60. Re5 Rf2+ 61. Ke1 Ra2 62. d6 Kf3 63. d7 g3 64. d8=Q g2 65. Rf5+ Kxe3 66. Qg5+ Kd4 67. Rd5+ Kxc4 68. Rd2 Ra1+ 69. Rd1 Ra2 70. Qd5+ Kb5 71. Rb1+ Ka6 72. Qa8# {Black checkmated} 1-0

[Event "Team 45 45 League 2006 Invitational"]
[Site "Internet Chess Club"]
[Date "2006.12.02"]
[Round "5"]
[White "Warpdrive"]
[Black "QuaqQuao"]
[Result "0-1"]
[WhiteElo "1514"]
[BlackElo "1687"]
[TimeControl "2700+45"]

1. e4 d5 2. exd5 Nf6 3. Nc3 Nxd5 4. Nf3 Nc6 5. Be2 e5 6. Nxd5 Qxd5 7. d3 Be7 8. Bd2 Be6 9. Bc3 O-O-O 10. O-O f5 11. Nd2 e4 12. dxe4 fxe4 13. Bg4 Bf6 14. Bxe6+ Qxe6 15. Bxf6 gxf6 16. Qe2 f5 17. Nb3 Qe5 18. c3 Rhg8 19. Rad1 Rd6 20. f4 Qg7 21. Rxd6 cxd6 22. Rf2 Qf7 23. Qe3 Rg6 24. Rd2 h5 25. Nd4 Nxd4 26. Qxd4 b6 27. b3 Kc7 28. c4 h4 29. b4 Qe7 30. Qe3 Qe6 31. c5 dxc5 32. bxc5 Qc4 33. cxb6+ Rxb6 34. Kf2 Ra6 35. Qe2 Qc5+ 36. Qe3 Kc6 37. Qxc5+ Kxc5 38. Rb2 Rd6 39. Ke2 Rd3 40. Rc2+ Kd4 41. Rc7 Ra3 42. Rc2 h3 43. g3 Re3+ 44. Kd2 Rf3 45. Ke2 Rc3 46. Rxc3 Kxc3 47. g4 fxg4 48. f5 g3 49. f6 gxh2 50. f7 h1=Q 51. f8=Q Qf3+ 52. Qxf3+ exf3+ 53. Kxf3 Kb4 54. Kg3 Ka3 55. Kxh3 Kxa2 {White resigns} 0-1

[Event "Team 45 45 League 2006 Invitational"]
[Site "Internet Chess Club"]
[Date "2006.12.02"]
[Round "5"]
[White "Mutaant"]
[Black "Zyme"]
[Result "0-1"]
[WhiteElo "1455"]
[BlackElo "1497"]
[TimeControl "2700+45"]

1. e4 e6 2. Nf3 d5 3. Nc3 dxe4 4. Nxe4 Nf6 5. Nxf6+ Qxf6 6. Bb5+ Bd7 7. Qe2 a6 8. Bc4 Nc6 9. a3 O-O-O 10. c3 Bd6 11. d4 h6 12. O-O Na5 13. Bxa6 Nb3 14. Rb1 Nxc1 15. Rfxc1 bxa6 16. Qxa6+ Kb8 17. Re1 Qf5 18. Rbd1 Qb5 19. Qxb5+ Bxb5 20. Nd2 Bf4 21. g3 Bg5 22. Nf3 Rd5 23. Nxg5 Rxg5 24. Re5 Bc6 25. Rxg5 hxg5 26. Ra1 Kb7 27. a4 Ra8 28. a5 Ka6 29. b4 Bd5 30. Re1 Kb5 31. Re3 Kc4 32. Kf1 Ra6 33. Ke2 Rc6 34. Kd2 Kb3 35. Rd3 f6 36. Re3 f5 37. f4 gxf4 38. gxf4 Rd6 39. Re1 Rd8 40. h3 Rh8 41. Re3 Rh4 42. Rg3 Rxf4 43. Rxg7 Rf2+ 44. Ke1 Rc2 45. Rxc7 Rxc3 46. Rxc3+ Kxc3 47. h4 Kxb4 48. h5 f4 49. h6 Be4 50. Kf2 Kxa5 51. Ke2 Kb4 52. Kf2 {White resigns} 0-1

[Event "Team 45 45 League 2006 Invitational"]
[Site "Internet Chess Club"]
[Date "2006.12.03"]
[Round "5"]
[White "RingLord"]
[Black "Cantemir"]
[Result "1-0"]
[WhiteElo "1705"]
[BlackElo "1641"]
[TimeControl "2700+45"]

1. e4 e6 2. d4 c5 3. c3 d5 4. e5 cxd4 5. cxd4 Bb4+ 6. Bd2 Bxd2+ 7. Nxd2 Ne7 8. Ngf3 Nbc6 9. a3 a5 10. Qa4 Bd7 11. Bb5 O-O 12. Nb3 Qb6 13. O-O Rfc8 14. Nc5 Be8 15. Nb3 Nf5 16. Rac1 Ncxd4 17. Nfxd4 Nxd4 18. Bxe8 Nxb3 19. Bxf7+ Kxf7 20. Qd7+ Kg8 21. Rxc8+ Rxc8 22. Qxc8+ Kf7 23. Qd7+ Kf8 24. Re1 Nd2 25. Qd6+ Qxd6 26. exd6 Kf7 27. Rc1 Nc4 28. d7 Ke7 29. b3 Nxa3 30. Rc7 b5 31. Ra7 d4 32. Rxa5 b4 33. Kf1 Kxd7 34. Ke2 Kd6 35. f4 Nb1 36. Kd3 Na3 37. Kxd4 Nc2+ 38. Ke4 g6 39. Ra6+ Ke7 40. Ke5 Ne3 41. Rxe6+ Kf7 42. Rb6 Ng4+ 43. Kd4 Nxh2 44. Rxb4 Kf6 45. Rb5 Ng4 46. Rc5 h5 47. b4 Ke6 48. b5 Kd6 49. Rc6+ Kd7 50. Rxg6 Nf2 51. f5 Nd1 52. f6 Nb2 53. b6 Na4 54. Rg7+ Kc8 55. f7 Nxb6 56. f8=Q# {Black checkmated} 1-0

[Event "Team 45 45 League 2006 Invitational"]
[Site "Internet Chess Club"]
[Date "2006.12.03"]
[Round "5"]
[White "JohnnySP"]
[Black "Qualm"]
[Result "1-0"]
[WhiteElo "1883"]
[BlackElo "1792"]
[TimeControl "2700+45"]

1. e4 e5 2. Nf3 Nc6 3. Bb5 a6 4. Ba4 Nf6 5. O-O b5 6. Bb3 Bb7 7. c3 Be7 8. Re1 h6 9. d4 d6 10. Nbd2 O-O 11. Nf1 exd4 12. cxd4 Nh7 13. Ng3 Ng5 14. Nf5 Bf6 15. Nxg5 Bxg5 16. f4 Bf6 17. e5 Ne7 18. Nxh6+ gxh6 19. exf6 Ng6 20. f5 Qxf6 21. fxg6 Qxg6 22. Qc2 Qg4 23. Re3 Qxd4 24. Qg6+ Kh8 25. Qxh6+ Kg8 {Black resigns} 1-0

[Event "Team 45 45 League 2006 Invitational"]
[Site "Internet Chess Club"]
[Date "2006.12.03"]
[Round "5"]
[White "alaskauk"]
[Black "Aziraphale"]
[Result "1-0"]
[WhiteElo "1555"]
[BlackElo "1461"]
[TimeControl "2700+45"]

1. e4 c6 2. d4 d5 3. Nc3 dxe4 4. Nxe4 Nd7 5. Nf3 Ngf6 6. Nxf6+ Nxf6 7. h3 e6 8. c3 Be7 9. Bd3 O-O 10. Bc2 c5 11. Be3 c4 12. Ne5 b5 13. Nc6 Qc7 14. Nxe7+ Qxe7 15. g4 Bb7 16. Rg1 Qd6 17. f4 Nd5 18. Qd2 Nxe3 19. Qxe3 Qd5 20. Rf1 Rfe8 21. O-O-O a5 22. Rfe1 b4 23. Qe4 Qxe4 24. Bxe4 Bd5 25. Bxd5 exd5 26. Kc2 Re4 27. Rxe4 dxe4 28. Re1 Re8 29. b3 cxb3+ 30. axb3 bxc3 31. Kxc3 g6 32. Kb2 f5 33. g5 Rd8 34. Kc3 Rc8+ 35. Kb2 Kf7 36. Ra1 e3 37. Re1 Rd8 38. Kc3 Rc8+ 39. Kd3 Rb8 40. Kc2 Rd8 41. Kd3 Rb8 42. Kc2 Rd8 43. Kd3 Rb8 44. Kc4 Rb4+ 45. Kc3 Ke6 46. Rxe3+ Kd6 47. Re5 Rb6 48. Rxa5 Rc6+ 49. Kd3 Rb6 50. Kc4 Kc6 51. Ra7 Kd6 52. d5 Rb8 53. Ra6+ Kd7 54. b4 Rc8+ 55. Kd4 Rb8 56. Kc5 Rc8+ 57. Rc6 Re8 58. Rd6+ Kc7 59. Re6 Rc8 60. Rc6+ Kd7 61. Rxc8 Kxc8 {Black resigns} 1-0

[Event "Team 45 45 League 2006 Invitational"]
[Site "Internet Chess Club"]
[Date "2006.12.03"]
[Round "5"]
[White "dougmo"]
[Black "Fineas-Fogg"]
[Result "1/2-1/2"]
[WhiteElo "1542"]
[BlackElo "1428"]
[TimeControl "2700+45"]

1. e4 e6 2. d4 d5 3. Nc3 Bb4 4. e5 c5 5. Bd2 Ne7 6. Nb5 Bxd2+ 7. Qxd2 a6 8. Nd6+ Kf8 9. Qf4 Nf5 10. g4 Nxd6 11. exd6 cxd4 12. O-O-O Nc6 13. Nf3 e5 14. Nxe5 Nxe5 15. Qxe5 Bxg4 16. Rxd4 h5 17. Rg1 Rh6 18. Bg2 Re6 19. Qxd5 Qf6 20. d7 Rd8 21. f3 Re5 22. Qd6+ Qxd6 23. Rxd6 Rxd7 24. Rxd7 Bxd7 25. f4 Rb5 26. Re1 Rb4 27. Re4 Rxe4 28. Bxe4 Bc6 29. Bxc6 bxc6 30. b4 Ke7 31. Kd2 Ke6 32. Ke3 Kd5 33. Kd3 c5 34. c4+ Kc6 35. a3 f5 36. h4 g6 37. Kc3 Kb6 38. Kd3 a5 39. b5 a4 40. Kc3 {Game drawn by mutual agreement} 1/2-1/2

[Event "Team 45 45 League 2006 Invitational"]
[Site "Internet Chess Club"]
[Date "2006.12.03"]
[Round "5"]
[White "TheBrewer"]
[Black "crankn8tr"]
[Result "1-0"]
[WhiteElo "1625"]
[BlackElo "1601"]
[TimeControl "2700+45"]

1. d4 Nf6 2. Nf3 g6 3. Bg5 Bg7 4. e3 O-O 5. Bd3 d6 6. Nbd2 Nc6 7. c3 h6 8. Bh4 g5 9. Nxg5 hxg5 10. Bxg5 e5 11. Ne4 exd4 12. Nxf6+ Bxf6 13. Qh5 Re8 14. Qh7+ Kf8 15. Bh6+ Ke7 16. Qe4+ Be6 17. exd4 d5 18. Qf3 Kd7 19. O-O-O Kc8 20. Rde1 Bg5+ 21. Bxg5 Qxg5+ 22. Kb1 a6 23. h4 Qg7 24. Re3 b5 25. Rhe1 Kb7 26. g3 Kb6 27. Ka1 a5 28. Bf5 Qh6 29. Bxe6 Rxe6 30. Qxd5 Rxe3 31. Rxe3 Re8 32. Qf3 Rxe3 33. Qxe3 Qxe3 34. fxe3 Ne7 35. e4 Kc6 36. Kb1 Kd6 37. Kc2 Ke6 38. Kd3 Kf6 39. Ke3 Kg6 40. g4 c6 41. Kf4 Nc8 42. h5+ Kh6 43. e5 Nb6 44. Kf5 Nd5 45. e6 fxe6+ 46. Kxe6 Ne3 47. Kd6 Nxg4 48. Kxc6 Kxh5 49. Kxb5 Nf6 50. Kxa5 Kg5 51. b4 Nd5 52. b5 Nxc3 53. b6 Nd5 54. b7 Ne7 55. d5 {Black resigns} 1-0

[Event "Team 45 45 League 2006 Invitational"]
[Site "Internet Chess Club"]
[Date "2006.12.03"]
[Round "5"]
[White "tourettes"]
[Black "Wheels"]
[Result "0-1"]
[WhiteElo "1788"]
[BlackElo "1721"]
[TimeControl "2700+45"]

1. e4 c5 2. Nc3 g6 3. g3 Bg7 4. Bg2 Nc6 5. Nge2 d6 6. O-O Nf6 7. d3 O-O 8. h3 Ne8 9. Be3 Nd4 10. Qd2 Rb8 11. f4 f5 12. Nd1 b5 13. c3 Nxe2+ 14. Qxe2 Nf6 15. Nf2 b4 16. d4 cxd4 17. cxd4 fxe4 18. Nxe4 Nxe4 19. Bxe4 Bxh3 20. Rf2 Bf5 21. Bf3 Rc8 22. Bd5+ Kh8 23. Bb3 Qd7 24. Re1 Bg4 25. Qd2 a5 26. Bc2 Bf5 27. Bd1 Rc7 28. Rg2 Be4 29. Rh2 Qb5 30. f5 Qxf5 31. g4 Qb5 32. Rxh7+ Kxh7 33. Qh2+ Kg8 34. Bg5 Qxg5 {White resigns} 0-1

[Event "Team 45 45 League 2006 Invitational"]
[Site "Internet Chess Club"]
[Date "2006.12.03"]
[Round "5"]
[White "A-Ru"]
[Black "Boromir"]
[Result "1-0"]
[WhiteElo "1882"]
[BlackElo "1952"]
[TimeControl "2700+45"]

1. d4 d5 2. Nf3 Nf6 3. e3 e6 4. Bd3 c5 5. b3 Nc6 6. Bb2 Bd6 7. a3 O-O 8. Ne5 Qc7 9. f4 b6 10. O-O Ne7 11. Nd2 Bb7 12. c4 Ne4 13. Rc1 f6 14. Nef3 Nf5 15. Re1 Rfd8 16. cxd5 exd5 17. Qc2 Qe7 18. Nb1 Rac8 19. Qe2 Re8 20. Nfd2 Kh8 21. Nxe4 dxe4 22. Bb5 Red8 23. g4 Nh6 24. dxc5 Bxc5 25. b4 Bd6 26. Bd4 Rxc1 27. Rxc1 Bxf4 28. Bxb6 axb6 29. exf4 Qd6 30. Rf1 Qd4+ 31. Kg2 Nf7 32. Kg3 Nd6 33. Ba4 e3 34. Rd1 Qe4 35. Nc3 Qe7 36. Rd3 h5 37. Rxe3 h4+ 38. Kf2 Qf7 39. Re7 Qg6 40. Bc2 Qh6 41. Qe3 h3 42. Kg1 Qh4 43. Qg3 Qh6 44. Qd3 f5 45. g5 Qh4 46. Qg3 Qxg3+ 47. hxg3 Rc8 48. Re3 Nb5 49. Bxf5 Rf8 50. Bxh3 Nxa3 51. Re7 Ba6 52. Ra7 Nb5 53. Rxa6 Nxc3 54. Rxb6 Rd8 55. Rc6 Ne2+ 56. Kf2 Nd4 57. Rc8 {Black resigns} 1-0

[Event "Team 45 45 League 2006 Invitational"]
[Site "Internet Chess Club"]
[Date ""]
[Round "5"]
[White "Prop"]
[Black "WilmaP"]
[Result "0-1"]
[WhiteElo "1174"]
[BlackElo "1320"]
[TimeControl "2700+45"]

1. e4 c5 2. Nf3 e6 3. Bb5 a6 4. Be2 Qc7 5. d4 cxd4 6. Qxd4 Nc6 7. Qc3 Bb4 8. O-O Bxc3 9. Nxc3 Nf6 10. g3 O-O 11. Bf4 e5 12. Bg5 Qd8 13. Nd5 Nd4 14. Nxd4 exd4 15. e5 Re8 16. Bxf6 Qa5 17. Ne7+ Rxe7 18. Bxe7 Qxe5 19. Bd3 Qxe7 20. Rae1 Qf8 21. Re2 b5 22. Bf5 d6 23. Be4 Rb8 24. Rfe1 Bg4 25. f3 Bd7 26. Rd1 Re8 27. Rxd4 Bf5 28. Rxd6 Qxd6 29. Kf2 Bxe4 30. fxe4 Qf6+ 31. Kg2 h6 32. e5 Qc6+ 33. Kh3 f6 34. e6 Rxe6 35. Rxe6 Qxe6+ 36. Kg2 Qxa2 {White resigns} 0-1

[Event "Team 45 45 League 2006 Invitational"]
[Site "Internet Chess Club"]
[Date "2006.12.03"]
[Round "5"]
[White "grandpa06"]
[Black "Havoc"]
[Result "0-1"]
[WhiteElo "1431"]
[BlackElo "1587"]
[TimeControl "2700+45"]

1. f4 d5 2. Nf3 Nf6 3. e3 g6 4. Be2 Bg7 5. d4 O-O 6. O-O Bg4 7. Nbd2 Nc6 8. c3 Bf5 9. Qe1 Qd6 10. Ne5 Qe6 11. Ndf3 Nxe5 12. fxe5 Ne4 13. Qh4 f6 14. Bd1 fxe5 15. dxe5 Bxe5 16. Ng5 Nxg5 17. Qxg5 Be4 18. Bf3 Rf5 19. Qg4 Raf8 20. Bd2 Qf6 21. Be2 Rf2 22. Rae1 Qh4 23. Rxf2 Qxh2+ 24. Kf1 Qh1# {White checkmated} 0-1

[Event "Team 45 45 League 2006 Invitational"]
[Site "Internet Chess Club"]
[Date "2006.12.03"]
[Round "5"]
[White "upturnedcircle"]
[Black "mickeys"]
[Result "1-0"]
[WhiteElo "2007"]
[BlackElo "1686"]
[TimeControl "2700+45"]

1. d4 Nf6 2. c4 g6 3. Nf3 Bg7 4. Nc3 O-O 5. Bf4 d5 6. e3 Bg4 7. h3 Bxf3 8. Qxf3 c6 9. Bd3 Qa5 10. O-O Nbd7 11. Rfc1 e6 12. cxd5 exd5 13. a3 Qd8 14. b4 a6 15. Na4 Re8 16. Nc5 Nxc5 17. bxc5 Ne4 18. Qe2 g5 19. Bh2 f5 20. Qc2 g4 21. hxg4 fxg4 22. Rab1 Re7 23. Bxe4 dxe4 24. Bd6 Rf7 25. Qxe4 Qd7 26. Rb6 Re8 27. Qc2 Bf6 28. Bg3 Bd8 29. Rb3 Re6 30. Rcb1 Qc8 31. Qb2 Ree7 32. Bd6 Rd7 33. Qe2 Rg7 34. Qc4+ Rgf7 35. Qe6 b5 36. Qxg4+ Rg7 37. Qe6+ Rgf7 38. Qe8+ Kg7 39. Be5+ Kg6 40. Qe6+ Bf6 41. Qg4+ Kh6 42. Bf4+ {Black resigns} 1-0

[Event "Team 45 45 League 2006 Invitational"]
[Site "Internet Chess Club"]
[Date "2006.12.03"]
[Round "5"]
[White "pokerram"]
[Black "kamu"]
[Result "0-1"]
[WhiteElo "1697"]
[BlackElo "1728"]
[TimeControl "2700+45"]

1. e4 Nf6 2. Nc3 e5 3. Bc4 Nc6 4. d3 Bb4 5. Bd2 Na5 6. Bb3 Nxb3 7. axb3 O-O 8. Nce2 Bxd2+ 9. Qxd2 c6 10. Nf3 Qc7 11. Qa5 Qxa5+ 12. Rxa5 d6 13. h3 a6 14. Ng3 b6 15. Ra1 Bd7 16. O-O c5 17. c4 h6 18. Nh4 Rfd8 19. Nhf5 g6 20. Ne3 Bc6 21. Rad1 Nd7 22. Rde1 Kh7 23. f3 Ra7 24. Nd5 Bxd5 25. exd5 f5 26. Ne2 Rb8 27. Nc1 b5 28. Rf2 f4 29. Kh2 Rab7 30. g3 fxg3+ 31. Kxg3 Nf6 32. Ref1 Nh5+ 33. Kh2 Rf7 34. Ne2 bxc4 35. dxc4 Rxb3 36. Nc3 Rfb7 37. Rb1 Nf4 38. Ne4 Nd3 39. Rc2 R7b6 40. Ra1 Rxb2 41. Rxb2 Nxb2 42. Nf6+ Kg7 43. Ne8+ Kf7 44. Nc7 Nxc4 45. Nxa6 Rb2+ 46. Kg3 Ne3 47. Nc7 Rg2+ {White resigns} 0-1